 Dungeon Crawl Stone Soup version 0.27.1-3-gb3d3a73c9e (webtiles) character file.

Game seed: 15247157343929697246

74 CuBeRJAN3 the Magician (level 4, 0/25 HPs)
             Began as a Deep Elf Fire Elementalist on Oct 22, 2021.
             Succumbed to an adder's poison
             ... on level 2 of the Dungeon.
             The game lasted 00:03:48 (1844 turns).

CuBeRJAN3 the Magician (Deep Elf Fire Elementalist) Turns: 1844, Time: 00:03:48

Health: 0/25       AC:  2    Str: 11    XL:     4   Next: 10%
Magic:  10/12      EV: 12    Int: 21    God:
Gold:   41         SH:  0    Dex: 15    Spells: 8/11 levels left

rFire    . . .     SeeInvis .   i - staff of conjuration
rCold    . . .     Faith    .   (no shield)
rNeg     . . .     Spirit   .   a - +0 robe
rPois    .         Reflect  .   (no helmet)
rElec    .         Harm     .   (no cloak)
rCorr    .         Rampage  .   (no gloves)
Will     .....     Rnd*Rage +   (no boots)
Stlth    ++........             (no amulet)
HPRegen  0.08/turn              e - +6 ring of strength
MPRegen  0.13/turn              (no ring)

@: lethally poisoned (0 -> -1), flying
A: talons 1, berserk 1, mutation resistance 1, screaming 1
a: no special abilities


You were on level 2 of the Dungeon.
You visited 1 branch of the dungeon, and saw 2 of its levels.

You collected 41 gold pieces.

Inventory:

Armour
 a - a +0 robe (worn)
Magical Staves
 i - a staff of conjuration (weapon)
Jewellery
 e - a +6 ring of strength (left hand)
Scrolls
 b - a scroll of amnesia {unknown}
 c - a scroll of blinking {unknown}
 g - a scroll of fear {unknown}
 h - a scroll of identify {unknown}
 j - a scroll of silence {unknown}


   Skills:
 * Level 1.3 Fighting
 + Level 0.9 Staves
 - Level 2.4 Dodging
 + Level 3.1 Stealth
 * Level 4.0 Spellcasting
 + Level 1.6 Conjurations
 + Level 3.6 Fire Magic


You had 8 spell levels left.
You knew the following spells:

 Your Spells              Type           Power      Damage    Failure   Level
a - Foxfire               Conj/Fire      88%        2x1d8     4%          1
b - Slow                  Hex            4%         N/A       19%         2

Your spell library contained the following spells:

 Spells                   Type           Power      Damage    Failure   Level
 Conjure Flame            Conj/Fire      22%        6-21      12%         3
 Inner Flame              Hex/Fire       11%        N/A       17%         3
 Confusing Touch          Hex            4%         N/A       34%         3
 Gell's Gravitas          Tloc           2%         N/A       34%         3
 Lesser Beckoning         Tloc           2%         N/A       34%         3
 Teleport Other           Tloc           4%         N/A       34%         3
 Vampiric Draining        Necr           2%         2d6       34%         3
 Sticky Flame             Conj/Fire      22%        2d4       38%         4
 Fireball                 Conj/Fire      11%        3d7       75%         5
 Freezing Cloud           Conj/Ice/Air   4%         6-21      95%         5
 Simulacrum               Ice/Necr       2%         N/A       100%        6
 Polar Vortex             Ice            2%         N/A       100%        9


Dungeon Overview and Level Annotations

Branches:
Dungeon (2/15)

Altars:


Innate Abilities, Weirdness & Mutations

You have sharp toenails.
You tend to lose your temper in combat.
You are somewhat resistant to further mutation.
You occasionally shout uncontrollably at your foes.


Message History

You feel a surge of power!
You conjure some foxfire!
You feel sick.
You are no longer poisoned.
The adder bites you.
Casting: Foxfire (safe; 4% risk of failure)
Press: ? - help, Q - select action, (/) - cycle Dir - look around, f - activate You feel a surge of power!
You conjure some foxfire!
The foxfire hits the adder.
The adder is heavily wounded.
The foxfire hits the adder.
The adder is severely wounded.
The adder bites you.
You are lethally poisoned!
The adder poisons you!
* * * LOW HITPOINT WARNING * * *
You feel sick.
The foxfire hits the adder.
The adder is almost dead.
The foxfire hits the adder.
You kill the adder!
You have reached level 4!
You feel clever.
It was a potion of flight.
You feel very buoyant.
You fly up into the air.
* * * LOW HITPOINT WARNING * * *
You feel sick.
It was a potion of mutation.
You feel extremely strange.
You feel a little pissed off.
You feel the urge to shout.
Your toenails lengthen and sharpen.
You feel genetically stable.
* * * LOW HITPOINT WARNING * * *
You feel sick.
There is a lethal amount of poison in your body!
There is a lethal amount of poison in your body!
* * * LOW HITPOINT WARNING * * *
You feel sick.
* * * LOW HITPOINT WARNING * * *
You feel sick.
* * * LOW HITPOINT WARNING * * *
You feel sick.
You die...

###########
#.........#
#.#######.# ####.#
#.# #....##### #.#
#........# #.##
#.@..###.###..###
##.#............#
#.########.....###
#.# ##...#... #.#
##.#.### #.# #.###
#.# #.# #.# #+#
#........#


There were no monsters in sight!

Vanquished Creatures
  A hound (D:2)
  2 adders (D:2)
  3 endoplasms
  2 giant cockroaches (D:1)
  2 goblins
  A hobgoblin (D:1)
  2 kobolds (D:1)
  A quokka (D:1)
  3 ball pythons
  3 bats
  5 rats
25 creatures vanquished.

Vanquished Creatures (others)
  91 foxfires
91 creatures vanquished.

Grand Total: 116 creatures vanquished

Notes
Turn   | Place    | Note
-------+----------+-------------------------------------------
     0 | D:1      | CuBeRJAN3 the Deep Elf Fire Elementalist began the quest
                  | for the Orb.
     0 | D:1      | Reached XP level 1. HP: 10/10 MP: 6/6
   651 | D:1      | Reached XP level 2. HP: 9/16 MP: 4/8
  1348 | D:2      | Reached skill level 1 in Fighting
  1406 | D:2      | Learned a level 2 spell: Slow
  1424 | D:2      | Reached XP level 3. HP: 20/20 MP: 3/10
  1788 | D:2      | Reached skill level 4 in Spellcasting
  1839 | D:2      | Reached XP level 4. HP: 6/25 MP: 9/12
  1840 | D:2      | Gained mutation: You tend to lose your temper in combat.
                  | [potion of mutation]
  1840 | D:2      | Gained mutation: You occasionally shout uncontrollably at
                  | your foes. [potion of mutation]
  1840 | D:2      | Gained mutation: You have sharp toenails. [potion of
                  | mutation]
  1840 | D:2      | Gained mutation: You are somewhat resistant to further
                  | mutation. [potion of mutation]
  1843 | D:2      | HP: 1/25 [poisoned by an adder]
  1844 | D:2      | Succumbed to an adder's poison

Illustrated notes

Levels and vault maps discovered:
D:1:      dpeg_arrival_three_bigger_balls, layout_loops_cross
D:2:      layout_loops_corners, ebering_ecumenical_altar_box,
          palyth_stone_intersect

Skill      XL: |  1  2  3 |
---------------+----------+-----
Fighting       | 1 |  1.3
Stealth        | 3 |  3.1
Spellcasting   | 4 |  4.0
Staves         | |  0.9
Dodging        | |  2.4
Conjurations   | |  1.6
Fire Magic     | |  3.6

Action                   |  1- 3 |  4- 6 || total
-------------------------+-------+-------++-------
 Cast: Foxfire           |    58 |       ||    58
  Use: Potion            |       |     2 ||     2
Dodge: Dodged            |     8 |       ||     8
